 Dungeon Crawl Stone Soup version 0.20.1-1-g8b1a95d (webtiles) character file.

92554 panicbit the Severer (level 15, -7/141 HPs)
             Began as a Minotaur Fighter on July 3, 2017.
             Was a High Priest of Okawaru.
             Killed from afar by a starcursed mass (10 damage)
             ... with an accursed screaming
             ... on level 2 of the Abyss.
             The game lasted 01:17:08 (21161 turns).

panicbit the Severer (Minotaur Fighter)            Turns: 21161, Time: 01:17:38

Health: -7/141     AC: 30    Str: 23 (24) XL:     15   Next: 58%
Magic:  14/14      EV: 17    Int:  5      God:    Okawaru [*****.]
Gold:   2174       SH: 20    Dex: 15      Spells: 14/14 levels left

rFire    . . .     SeeInvis .   P - +5 broad axe (drain)
rCold    . . .     Gourm    .   c - +0 shield
rNeg     . . .     Faith    .   h - +5 plate armour
rPois    +         Spirit   .   M - +0 hat
rElec    +         Reflect  +   O - scarf of the Sacrificial Victim {-Tele rElec rPois Stlth+}
rCorr    .         Harm     .   Y - +2 pair of gloves {archery}
MR       +....     Rnd*Rage +   V - +2 pair of boots {Stlth+} Stlth +.........NoTele +
                                F - +4 amulet of reflection
Regen    0.4/turn               K - +2 ring of strength
MPRegen  0.2/turn               a - +4 ring of evasion

@: heroism, hasted, very quick
A: retaliatory headbutt, horns 2, [berserk 3], [blurry vision 3], [deterioration
2], [low mp 2], [teleportitis 2], [no potion heal 3], [subdued magic 2]
a: Heroism, Finesse, Renounce Religion


You were on level 2 of the Abyss.
You worshipped Okawaru.
Okawaru was extremely pleased with you.
You were very full.

You visited 3 branches of the dungeon, and saw 22 of its levels.
You visited the Abyss 1 time.

You collected 2174 gold pieces.

Inventory:

Hand Weapons
 y - a +5 vampiric battleaxe
 L - a +4 battleaxe of freezing
 P - a +5 broad axe of draining (weapon)
 T - a +0 morningstar
 U - the +1 war axe of Courage {speed, MR+}
   (Okawaru gifted it to you on level 10 of the Dungeon)

   Attacks with this weapon are significantly faster.
   It affects your resistance to hostile enchantments.
Armour
 c - a +0 shield (worn)
 h - a +5 plate armour (worn)
 t - a +2 pair of boots of flying
 M - a +0 hat (worn)
 O - the scarf of the Sacrificial Victim (worn) {-Tele rElec rPois Stlth+}
   (Okawaru gifted it to you on level 6 of the Lair of Beasts)

   It insulates you from electricity.
   It protects you from poison.
   It prevents most forms of teleportation.
   It makes you more stealthy.
 V - a +2 pair of boots of stealth (worn)
 X - a +1 chain mail of poison resistance
 Y - a +2 pair of gloves of archery (worn)
Jewellery
 a - a +4 ring of evasion (right hand)
 v - an uncursed ring of flight
 E - an uncursed ring of protection from cold
 F - a +4 amulet of reflection (around neck)
 I - an uncursed amulet of guardian spirit
 K - a +2 ring of strength (left hand)
 Q - an uncursed ring of protection from cold
 S - an uncursed amulet of the gourmand
 Z - an uncursed ring of protection from fire {unknown}
Scrolls
 b - 6 scrolls of teleportation
 i - 6 scrolls of amnesia
 k - 4 scrolls of recharging
 l - 4 scrolls of identify
 s - 5 scrolls of magic mapping
 w - 7 scrolls of remove curse
 x - 4 scrolls of fog
 A - 5 scrolls of fear
 D - a scroll of summoning
 H - a scroll of immolation {unknown}
Potions
 d - 5 potions of might
 e - 11 potions of curing
 g - 6 potions of heal wounds
 j - 3 potions of haste
 m - 6 potions of mutation
 n - a potion of resistance
 o - 4 potions of degeneration {unknown}
 p - 5 potions of ambrosia
 q - 3 potions of flight {unknown}
 u - 2 potions of agility {unknown}
 z - 2 potions of berserk rage {unknown}
 B - 3 potions of magic {unknown}
 C - 3 potions of invisibility
 J - 2 potions of cancellation {unknown}
 N - a potion of experience {unknown}
 R - 3 potions of brilliance {unknown}
 W - 2 potions of lignification {unknown}
Comestibles
 f - 16 bread rations
 G - 10 meat rations


   Skills:
 + Level 15.1(20.1) Fighting
 + Level 19.1(24.3) Axes
 + Level 4.0(18.5) Maces & Flails
 + Level 12.4(17.4) Armour
 + Level 4.8(9.8) Dodging
 + Level 2.0(7.0) Stealth
 + Level 15.4(20.4) Shields
 + Level 5.5 Invocations


You had 14 spell levels left.
You didn't know any spells.

Dungeon Overview and Level Annotations

Branches:
Dungeon (14/15)            Temple (0/1) D:6            Lair (6/6) D:8
  Swamp (0/4) Lair:3        Snake (0/4) Lair:3        Slime (0/5) Lair:5
    Orc (2/2) D:10            Elf (0/3) Orc:2        Vaults (0/5) D:13

Altars:
Ashenzari
Dithmenos
Fedhas
Gozag
Hepliaklqana
Makhleb
Nemelex Xobeh
Okawaru
Ru
Trog
Vehumet
Zin
Jiyva

Annotations:
Orc:2 Sonja


Innate Abilities, Weirdness & Mutations

You reflexively headbutt those who attack you in melee.
You have a pair of horns on your head.
[You have an uncontrollable temper.]
[Scrolls take you much longer to read.]
[Your body often deteriorates upon taking damage.]
[Your magical capacity is very low. (-20% MP)]
[You are sometimes teleported next to monsters.]
[Potions cannot restore your health.]
[Your spells are easier to cast, but less powerful.]


Message History

The white imp grins evilly.
A starcursed mass splits.
That would not heal you.
There are no items here.
Okay, then.
You have no ailments to cure.
Okay, then.
The crimson imp blinks!
A starcursed mass splits.
Remove which piece of jewellery? (? for menu, Esc to quit)
Okay, then.
Remove which piece of jewellery? (? for menu, Esc to quit)
Okay, then.
Take off which item? (? for menu, Esc to quit)
Keep disrobing?
A starcursed mass splits.
You start removing your armour.
You continue taking off the scarf of the Sacrificial Victim {-Tele rElec rPois Stlth+}.
Magic restored.
A deafening chorus of shrieks assaults your mind!
You die...

#.## #...# #...##
.....## . #. ..
#.#..#### #.#.
#.4#...##.##.#.#.
#...@#.#.#... ##
#.###.w..#....
...
#...\....#..#..
#.#X#.X..#.. .
#..5..{5#X....#
####.##3.##.....#
#...#X5XX....#
##.##..5X#..# ##
. .##..#5XKX.# .
..#


You could see 5 starcursed masses, a tentacled starspawn, a large abomination, a
neqoxec, a chaos spawn (wandering), a starspawn tentacle, 3 white imps and a
shadow imp.

Vanquished Creatures
  Saint Roka (Orc:2)
  A bone dragon (Abyss:2)
  The ghost of Quirk the Cleaver, a journeyman DsCK of Xom (Lair:6)
  Josephine (Orc:2)
  Snorg (D:10)
  7 hydras
  A catoblepas (D:13)
  An anaconda (shapeshifter) (D:14)
  4 two-headed ogres
  A death knight (D:14)
  5 death yaks (Lair:4)
  An orc high priest (Orc:2)
  Urug (Lair:5)
  5 skeletal warriors
  2 wretched stars (Abyss:2)
  An unseen horror (D:12)
  Pikel (D:5)
  A wizard (D:14)
  2 necromancers (D:13)
  An oklob plant (Lair:1)
  4 cyclopes
  A lindwurm (Lair:6)
  14 ugly things
  An orc sorcerer (Orc:2)
  2 worldbinders (Abyss:2)
  2 manticores (D:12)
  5 black mambas
  16 elephants
  The ghost of ThePrince the Chopper, a novice MiBe of Trog (D:5)
  Psyche (D:8)
  A smoke demon (Abyss:2)
  2 centaur zombies (D:14)
  A torpor snail (Lair:6)
  22 spiny frogs
  A rime drake (Lair:3)
  A freezing wraith (D:13)
  14 komodo dragons
  4 trolls
  A polar bear (Lair:4)
  A tengu conjurer (D:13)
  3 tyrant leeches (Lair:6)
  Grinder (D:3)
  9 hippogriffs
  23 blink frogs
  4 dream sheep (Lair:4)
  A wyvern (Lair:3)
  2 vampires
  6 wraiths
  36 yaks
  A basilisk (Lair:2)
  2 hungry ghosts (D:14)
  7 wargs
  6 vampire mosquitoes (Lair:6)
  A naga (Lair:3)
  9 water moccasins
  4 porcupines
  3 sky beasts
  22 orc warriors
  11 ice beasts
  A black bear (D:6)
  3 phantoms
  A necrophage (D:10)
  9 ogres
  16 wolves
  17 crocodiles
  9 centaurs
  2 big kobolds (D:10)
  30 bullfrogs
  A gnoll sergeant (D:9)
  A wyvern skeleton (D:12)
  3 scorpions
  12 killer bees (D:9)
  5 wights (D:3)
  3 electric eels
  A howler monkey (D:6)
  3 crimson imps
  A bullfrog zombie (D:9)
  4 jellies
  2 gnoll shamans
  10 orc priests
  4 centaur skeletons
  6 hounds
  20 orc wizards
  2 bullfrog skeletons
  Terence (D:2)
  2 iguanas
  4 worker ants
  7 hell rats (Lair:2)
  A hound zombie (D:9)
  A hound skeleton (D:8)
  A worker ant zombie (D:5)
  13 gnolls
  11 adders
  A howler monkey skeleton (D:8)
  6 shadow imps
  An ooze (D:3)
  An adder zombie (D:5)
  3 worms (D:2)
  A dart slug (D:1)
  3 leopard geckos
  54 orcs
  7 giant cockroaches
  5 goblins
  7 hobgoblins
  9 jackals
  5 quokkas
  A ball python (D:1)
  9 bats
  6 frilled lizards
  2 jackal skeletons
  A jackal zombie (D:7)
  14 kobolds
  7 rats
  9 fungi
  13 plants
  A starspawn tentacle (Abyss:2)
658 creatures vanquished.

Vanquished Creatures (others)
  Nessos (Lair:5)
  A centaur warrior (D:13)
  Joseph (Lair:1)
  A troll (Orc:2)
  A flying skull (Abyss:2)
  A black bear (D:7)
  A slave (D:5)
  10 centaurs
  A hound zombie (D:5)
  A hound skeleton (D:5)
  A leopard gecko (D:5)
  An orc (D:10)
  3 jackals (D:5)
  9 fungi (Lair:6)
  21 plants
  7 starspawn tentacles (Abyss:2)
  9 toadstools (Lair:1)
70 creatures vanquished.

Grand Total: 728 creatures vanquished

Notes
Turn   | Place    | Note
-------+----------+-------------------------------------------
     0 | D:1      | panicbit the Minotaur Fighter began the quest for the Orb.
     0 | D:1      | Reached XP level 1. HP: 19/19 MP: 0/0
   169 | D:1      | Reached XP level 2. HP: 27/27 MP: 1/1
   382 | D:1      | Reached skill level 3 in Axes
   742 | D:2      | Found a radiant altar of Vehumet.
   742 | D:2      | Found an iron altar of Okawaru.
   770 | D:2      | Reached XP level 3. HP: 32/33 MP: 2/2
   777 | D:2      | Became a worshipper of Warmaster Okawaru
   826 | D:2      | Noticed Terence
   834 | D:2      | Killed Terence
  1002 | D:2      | Reached XP level 4. HP: 33/41 MP: 3/3
  1372 | D:3      | Found a burning altar of Makhleb.
  1419 | D:3      | Noticed Grinder
  1423 | D:3      | Paralysed by Grinder for 3 turns
  1432 | D:3      | Paralysed by Grinder for 3 turns
  1439 | D:3      | Paralysed by Grinder for 2 turns
  1444 | D:3      | Paralysed by Grinder for 6 turns
  1744 | D:2      | Reached skill level 1 in Dodging
  1900 | D:3      | Reached skill level 4 in Axes
  2114 | D:3      | Found a sacrificial altar of Ru.
  2172 | D:3      | Reached XP level 5. HP: 43/47 MP: 4/4
  2180 | D:3      | Reached skill level 5 in Fighting
  2189 | D:3      | Reached * piety under Okawaru
  2197 | D:3      | Reached skill level 5 in Axes
  2197 | D:3      | Reached XP level 6. HP: 17/56 MP: 5/5
  2476 | D:3      | Found a hazy altar of Hepliaklqana.
  2643 | D:4      | Found a sparkling altar of Nemelex Xobeh.
  2664 | D:4      | Found a bloodstained altar of Trog.
  2749 | D:4      | Found a shadowy altar of Dithmenos.
  2865 | D:4      | Reached skill level 5 in Armour
  3010 | D:4      | Reached skill level 6 in Axes
  3046 | D:3      | Killed Grinder
  3046 | D:3      | Reached ** piety under Okawaru
  3046 | D:3      | Reached XP level 7. HP: 37/61 MP: 3/6
  3148 | D:5      | Entered Level 5 of the Dungeon
  3367 | D:5      | Found a shattered altar of Ashenzari.
  3409 | D:5      | Noticed ThePrince's ghost (novice MiBe)
  3427 | D:5      | Killed ThePrince's ghost
  3427 | D:5      | Reached skill level 7 in Axes
  3427 | D:5      | Reached skill level 5 in Shields
  3427 | D:5      | Reached XP level 8. HP: 41/70 MP: 5/7
  3470 | D:5      | Noticed Pikel
  3486 | D:5      | Killed Pikel
  3486 | D:5      | Reached *** piety under Okawaru
  3486 | D:5      | Reached skill level 8 in Axes
  3486 | D:5      | Reached skill level 1 in Stealth
  4515 | D:6      | Reached skill level 1 in Invocations
  4669 | D:6      | Found a staircase to the Ecumenical Temple.
  4706 | D:6      | Reached skill level 9 in Axes
  4751 | D:6      | Reached XP level 9. HP: 77/78 MP: 8/8
  5126 | D:7      | Reached **** piety under Okawaru
  5579 | D:7      | Reached skill level 10 in Axes
  6099 | D:8      | Found a staircase to the Lair.
  6099 | D:8      | Noticed an elephant
  6111 | D:8      | Killed an elephant
  6118 | D:8      | Reached ***** piety under Okawaru
  6404 | D:8      | Noticed Psyche
  6418 | D:8      | Killed Psyche
  6418 | D:8      | Reached skill level 11 in Axes
  6806 | D:9      | Reached XP level 10. HP: 88/88 MP: 6/9
  7243 | D:9      | Noticed a two-headed ogre
  7255 | D:9      | Killed a two-headed ogre
  7329 | D:9      | Reached skill level 12 in Axes
  7762 | D:10     | Entered Level 10 of the Dungeon
  7812 | D:10     | Found an opulent altar of Gozag.
  7874 | D:10     | Received a gift from Okawaru
  7895 | D:10     | Got an encrusted war axe {god gift}
  7896 | D:10     | Identified the +1 war axe of Courage {speed, MR+} (Okawaru gifted it to you on level 10 of the Dungeon)
  8314 | D:10     | Found an opulent altar of Gozag.
  8318 | D:10     | Noticed Snorg
  8335 | D:10     | Killed Snorg
  8335 | D:10     | Reached skill level 13 in Axes
  8335 | D:10     | Reached XP level 11. HP: 93/97 MP: 9/11
  8528 | D:10     | Found a staircase to the Orcish Mines.
  8629 | D:11     | Noticed a skeletal warrior
  8630 | D:11     | Noticed a skeletal warrior
  8654 | D:11     | Killed a skeletal warrior
  8677 | D:11     | Killed a skeletal warrior
  8678 | D:11     | Noticed a skeletal warrior
  8694 | D:11     | Killed a skeletal warrior
  8694 | D:11     | Received a gift from Okawaru
  9108 | D:11     | Reached skill level 10 in Fighting
  9466 | D:12     | Reached skill level 14 in Axes
  9466 | D:12     | Reached skill level 10 in Shields
  9776 | D:12     | Killed an unseen horror
  9795 | D:12     | Noticed a green ugly thing
  9816 | D:12     | Killed a green ugly thing
  9823 | D:12     | Reached ****** piety under Okawaru
 10118 | D:13     | Noticed a two-headed ogre
 10125 | D:13     | Killed a two-headed ogre
 10125 | D:13     | Reached skill level 10 in Armour
 10125 | D:13     | Reached XP level 12. HP: 98/108 MP: 9/12
 10159 | D:13     | Found a gate to the Vaults.
 10159 | D:13     | Noticed a two-headed ogre
 10164 | D:13     | Killed a two-headed ogre
 10164 | D:13     | Reached skill level 15 in Axes
 10166 | D:13     | Received a gift from Okawaru
 10295 | D:13     | Found a frozen archway.
 10365 | D:13     | Noticed a centaur warrior
 10372 | D:13     | Killed a centaur warrior
 10465 | D:13     | Noticed a catoblepas
 10490 | D:13     | Killed a catoblepas
 10750 | D:13     | Noticed a two-headed ogre
 10761 | D:13     | Killed a two-headed ogre
 11463 | D:14     | Reached skill level 16 in Axes
 11482 | D:14     | HP: 2/110 [green ugly thing (12)]
 12144 | D:14     | Noticed an anaconda
 12144 | D:14     | a sea snake changed into an anaconda
 12156 | D:14     | Killed an anaconda
 12432 | D:14     | Received a gift from Okawaru
 12432 | D:14     | Reached XP level 13. HP: 115/117 MP: 14/14
 12545 | D:14     | Noticed an angel
 12546 | D:14     | Found a glowing silver altar of Zin.
 12640 | D:14     | Reached skill level 1 in Maces & Flails
 13535 | Lair:1   | Entered Level 1 of the Lair of Beasts
 13627 | Lair:1   | Noticed Joseph
 13634 | Lair:1   | Killed Joseph
 13647 | Lair:1   | Found a blossoming altar of Fedhas.
 14783 | Lair:2   | Reached skill level 17 in Axes
 14929 | Lair:2   | Identified 3 scrolls of acquirement
 15039 | Lair:2   | Received a gift from Okawaru
 15765 | Lair:3   | Found a staircase to the Swamp.
 15779 | Lair:3   | Received a gift from Okawaru
 15831 | Lair:3   | Received a gift from Okawaru
 15832 | Lair:3   | Got a translucent quarterstaff {god gift}
 15925 | Lair:3   | Found a staircase to the Snake Pit.
 16477 | Lair:4   | Reached XP level 14. HP: 127/129 MP: 16/16
 16786 | Lair:4   | Reached skill level 18 in Axes
 17409 | Lair:5   | Found a viscous altar of Jiyva.
 17409 | Lair:5   | Found a staircase to the Slime Pits.
 17448 | Lair:5   | Noticed Nessos
 17453 | Lair:5   | Killed Nessos
 17744 | Lair:5   | Noticed Urug
 17757 | Lair:5   | Killed Urug
 18036 | Lair:6   | Entered Level 6 of the Lair of Beasts
 18040 | Lair:6   | Received a gift from Okawaru
 18062 | Lair:6   | Got an ichor-stained robe {god gift}
 18171 | Lair:6   | Noticed Quirk's ghost (journeyman DsCK)
 18198 | Lair:6   | Killed Quirk's ghost
 18432 | Lair:6   | Reached skill level 5 in Invocations
 18653 | Lair:6   | Reached XP level 15. HP: 114/139 MP: 13/17
 19323 | Lair:6   | Received a gift from Okawaru
 19324 | Lair:6   | Got a fine scarf {god gift}
 19330 | Lair:6   | Identified the scarf of the Sacrificial Victim {-Tele rElec rPois Stlth+} (Okawaru gifted it to you on level 6 of the Lair of Beasts)
 19680 | Orc:1    | Entered Level 1 of the Orcish Mines
 19822 | Orc:2    | Entered Level 2 of the Orcish Mines
 19822 | Orc:2    | Found a staircase to the Elven Halls.
 19882 | Orc:2    | Noticed Josephine
 19892 | Orc:2    | Killed Josephine
 20209 | Orc:2    | Noticed Saint Roka
 20238 | Orc:2    | Killed Saint Roka
 20238 | Orc:2    | Reached skill level 19 in Axes
 20238 | Orc:2    | Reached skill level 15 in Shields
 20777 | Orc:2    | Noticed Sonja
 20785 | Orc:2    | Cast into level 2 of the Abyss (Sonja)
 20900 | Abyss:2  | Noticed a tentacled starspawn
 20934 | Abyss:2  | Noticed a bone dragon
 20991 | Abyss:2  | Reached skill level 15 in Fighting
 21017 | Abyss:2  | Found a corrupted altar of Lugonu.
 21045 | Abyss:2  | Noticed a bone dragon
 21086 | Abyss:2  | Killed a bone dragon
 21144 | Abyss:2  | Noticed a tentacled starspawn
 21156 | Abyss:2  | HP: 7/141 [starcursed mass/accursed screaming (11)]
 21158 | Abyss:2  | HP: 2/141 [starcursed mass/accursed screaming (5)]
 21161 | Abyss:2  | Killed from afar by a starcursed mass

Skill      XL: |  1  2  3  4  5  6  7  8  9 10 11 12 13 14 15 |
---------------+----------------------------------------------+-----
Fighting       | 4 5 6 8 9 10 11 13 14 15 | 15.1
Axes           | 3 4 5 6 7 9 11 13 14 16 17 18 19 | 19.1
Armour         | 4 5 6 7 8 9 10 11 12 | 12.4
Dodging        | 1 2 3 4 |  4.8
Shields        | 4 5 6 8 9 10 11 12 14 15 | 15.4
Stealth        | 1 2 |  2.0
Invocations    | 1 2 3 4 5 |  5.5
Maces & Flails | 2 3 4 |  4.0

Action                   |  1- 3 |  4- 6 |  7- 9 | 10-12 | 13-15 || total
-------------------------+-------+-------+-------+-------+-------++-------
Melee: War axe           |    84 |    94 |   231 |   743 |    77 ||  1229
       Headbutt          |     9 |    21 |    39 |   190 |   269 ||   528
       Hand axe          |       |    50 |       |       |       ||    50
       Broad axe         |       |       |       |       |   874 ||   874
       Flail             |       |       |       |       |    13 ||    13
       Morningstar       |       |       |       |       |    26 ||    26
Invok: Heroism           |       |     1 |     6 |    22 |    29 ||    58
       Finesse           |       |       |       |     2 |     6 ||     8
  Use: Scroll            |       |     3 |       |     6 |    26 ||    35
       Potion            |       |       |       |       |     4 ||     4
  Eat: Chunk             |       |     7 |     8 |    17 |    20 ||    52
       Fruit             |       |       |     3 |     1 |     9 ||    13
       Royal jelly       |       |       |     1 |       |     6 ||     7
Armor: Scale mail        |    49 |    39 |       |       |       ||    88
       Plate armour      |       |     6 |   117 |   109 |   226 ||   458
       Chain mail        |       |       |       |    67 |    63 ||   130
Dodge: Dodged            |    29 |    47 |    46 |    99 |   255 ||   476
Block: Shield            |    49 |    77 |   138 |   373 |   771 ||  1408
       Reflection        |       |       |       |    42 |    30 ||    72
